 Dungeon Crawl Stone Soup version 0.29-a0-359-g541a27f54d (webtiles) character file.

Game seed: 14616037648960165223

103 Gargoyl the Skirmisher (level 4, -12/29 HPs)
             Began as a Gargoyle Abyssal Knight on Apr 28, 2022.
             Was a Believer of Lugonu.
             Engulfed by a cloud of flame (19 damage)
             ... on level 2 of the Dungeon.
             The game lasted 00:02:57 (2106 turns).

Gargoyl the Skirmisher (Gargoyle Abyssal Knight)    Turns: 2106, Time: 00:02:58

Health: -12/29     AC: 10    Str: 20    XL:     4   Next: 79%
Magic:  6/6        EV:  9    Int: 11    God:    Lugonu [**....]
Gold:   119        SH:  8    Dex: 12    Spells: 5/5 levels left

rFire   . . .      SeeInvis +   d - +1 short sword of Cith {freeze, *Slow Will++ Str+4 SInv}
rCold   + . .      Faith    .   b - +1 kite shield
rNeg    + . .      Spirit   .   f - +1 ring mail
rPois   ∞          Reflect  .   (no helmet)
rElec   +          Harm     .   (no cloak)
rCorr   .          Rampage  .   (no gloves)
Will    ++...                   (no boots)
Stlth   +.........              (no amulet)
HPRegen 0.09/turn               e - ring of protection from cold
MPRegen 0.10/turn               (no ring)

@: no status effects
A: sickness immunity, AC +3, negative energy resistance 1, electricity
resistance, torment resistance 1, petrification resistance
a: Renounce Religion, Depart the Abyss, Bend Space


You were on level 2 of the Dungeon.
You worshipped Lugonu.
Lugonu was pleased with you.
You visited 1 branch of the dungeon, and saw 2 of its levels.
You visited the Abyss 1 time.

You collected 119 gold pieces.

Inventory:

Hand Weapons
 a - a +1 hand axe
 d - the +1 short sword of Cith (weapon) {freeze, *Slow Will++ Str+4 SInv}
   (You found it on level 2 of the Dungeon)

   It freezes those it strikes, dealing additional cold damage.
   It can also slow down cold-blooded creatures.
   Str:       It affects your strength (+4).
   SInv:      It lets you see invisible.
   *Slow:     It may slow you when you take damage.
   Will:      It greatly increases your willpower.
Armour
 b - a +1 kite shield (worn)
 f - a +1 ring mail (worn)
Jewellery
 e - a ring of protection from cold (left hand)
Scrolls
 h - a scroll of identify
Potions
 c - 2 potions of mutation {unknown}
 g - a potion of attraction {unknown}


   Skills:
 + Level 4.2 Fighting
 + Level 1.2(1.5) Short Blades
 + Level 1.2(1.5) Long Blades
 + Level 2.8(3.2) Axes
 + Level 1.3(2.7) Maces & Flails
 + Level 1.5(2.6) Polearms
 + Level 1.3(2.1) Staves
 + Level 1.2(1.5) Slings
 + Level 2.4 Bows
 + Level 1.3 Crossbows
 + Level 1.2(1.5) Throwing
 + Level 3.2 Armour
 + Level 1.8 Dodging
 + Level 1.7 Stealth
 + Level 1.5 Shields
 + Level 1.3 Unarmed Combat
 + Level 1.2 Spellcasting
 + Level 1.5 Conjurations
 + Level 1.2 Hexes
 + Level 1.2 Summonings
 + Level 1.1 Necromancy
 + Level 1.2 Translocations
 + Level 1.1 Transmutations
 + Level 1.3 Fire Magic
 + Level 2.0 Ice Magic
 + Level 1.4 Air Magic
 + Level 1.7 Earth Magic
 + Level 2.2 Poison Magic
 + Level 3.2 Invocations
 + Level 1.2 Evocations


You had 5 spell levels left.
You didn't know any spells.
Your spell library was empty.

Dungeon Overview and Level Annotations

Branches:
Dungeon (2/15)

Altars:


Innate Abilities, Weirdness & Mutations

You are immune to sickness and miasma.
Your stone body is resilient. (AC +3)
You are immune to poison.
You resist negative energy. (rN+)
You are resistant to electric shocks. (rElec)
You are resistant to unholy torment.
You are immune to petrification.


Message History

You block the frilled lizard's attack.
You hit the frilled lizard but do no damage.
The frilled lizard bites you but does no damage.
You barely miss the frilled lizard. You block the frilled lizard's attack.
You hit the frilled lizard. You freeze the frilled lizard.
You kill the frilled lizard!
Lugonu accepts your kill.
Found a rat skeleton.
A frilled lizard comes into view.
A frilled lizard is nearby!
A frilled lizard is nearby!
A frilled lizard is nearby!
A frilled lizard comes into view.
The frilled lizard hisses angrily.
Found a robe.
The frilled lizard hisses angrily.
The frilled lizard bites you.
You hit the frilled lizard.
The frilled lizard seems to slow down.
You freeze the frilled lizard.
You kill the frilled lizard!
Lugonu accepts your kill.
You hit the frilled lizard. You freeze the frilled lizard.
You kill the frilled lizard!
Lugonu accepts your kill.
You see here a frilled lizard corpse.
You see here a frilled lizard corpse.
Really walk into that cloud of flame?
Really walk into a travel-excluded area?
Okay, then.
Really walk into that cloud of flame?
Really walk into a travel-excluded area?
You are engulfed in blazing flames.
Ouch! That really hurt!
* * * LOW HITPOINT WARNING * * *
You see here 10 gold pieces.
Unknown command.
You now have 119 gold pieces (gained 10).
You are engulfed in blazing flames.
Ouch! That really hurt!
You die...

####### #P #♣♣♣#♣♣♣♣
......#♣♣♣P#PPP...PP♣######
#####.#♣PPP.PP.....PP#))..#
#####.#P....#.....÷.P#.##.#
......#PP.[.#÷..@.÷....##.#
##...## #..#..†.....####.#
##..## #PP.P..÷..PP# ##.#
###..## P#.#P..≈PP♣# #..#
####..# ##P♣♣♣♣♣## #.##
.....## ##### #.#
####.#####.#.# #.#
...........#.# #.#
####.#######.# #.#


There were no monsters in sight!

Vanquished Creatures
  An adder (D:2)
  A worm (D:2)
  A dart slug (D:1)
  3 ball pythons
  5 bats (D:1)
  2 endoplasms
  5 goblins
  4 hobgoblins (D:1)
  6 jackals (D:1)
  A quokka (D:1)
  4 frilled lizards
  8 kobolds
  3 rats
44 creatures vanquished.

Vanquished Creatures (others)
  7 plants (D:2)
7 creatures vanquished.

Grand Total: 51 creatures vanquished

Notes
Turn   | Place    | Note
-------+----------+-------------------------------------------
     0 | Abyss:1  | Gargoyl the Gargoyle Abyssal Knight began the quest for the
                  | Orb.
     0 | Abyss:1  | Reached XP level 1. HP: 14/14 MP: 2/2
    70 | Abyss:1  | Noticed a deep elf elementalist
    71 | D:1      | Escaped the Abyss
   224 | D:1      | Found a faded altar of an unknown god.
   234 | D:1      | Reached skill level 1 in Dodging
   245 | D:1      | Reached ** piety under Lugonu
   246 | D:1      | Reached XP level 2. HP: 9/19 MP: 3/3
   720 | D:1      | Reached XP level 3. HP: 21/24 MP: 4/4
  1477 | D:2      | Reached skill level 4 in Fighting
  1477 | D:2      | Reached skill level 1 in Short Blades
  1477 | D:2      | Reached skill level 1 in Long Blades
  1477 | D:2      | Reached skill level 1 in Maces & Flails
  1477 | D:2      | Reached skill level 1 in Polearms
  1477 | D:2      | Reached skill level 1 in Staves
  1477 | D:2      | Reached skill level 1 in Slings
  1477 | D:2      | Reached skill level 1 in Crossbows
  1477 | D:2      | Reached skill level 1 in Throwing
  1477 | D:2      | Reached skill level 1 in Stealth
  1477 | D:2      | Reached skill level 1 in Shields
  1477 | D:2      | Reached skill level 1 in Unarmed Combat
  1477 | D:2      | Reached skill level 1 in Spellcasting
  1477 | D:2      | Reached skill level 1 in Conjurations
  1477 | D:2      | Reached skill level 1 in Hexes
  1477 | D:2      | Reached skill level 1 in Summonings
  1477 | D:2      | Reached skill level 1 in Necromancy
  1477 | D:2      | Reached skill level 1 in Translocations
  1477 | D:2      | Reached skill level 1 in Transmutations
  1477 | D:2      | Reached skill level 1 in Fire Magic
  1477 | D:2      | Reached skill level 1 in Air Magic
  1477 | D:2      | Reached skill level 1 in Earth Magic
  1477 | D:2      | Reached skill level 1 in Evocations
  1477 | D:2      | Reached XP level 4. HP: 27/29 MP: 4/6
  1954 | D:2      | Identified the +1 short sword of Cith {freeze, *Slow Will++
                  | Str+4 SInv}
  2106 | D:2      | Engulfed by a cloud of flame

Illustrated notes

Levels and vault maps discovered:
D:1:      dpeg_arrival_water_fire, layout_loops_ring,
          hellmonk_ecumenical_altar_dog_temple
D:2:      layout_loops_ring, minmay_misc_feat_four_crosses,
          lexackson_kobold_supper

Skill      XL: |  1  2  3 |
---------------+----------+-----
Dodging        | 1 |  1.8
Axes           | 2 |  2.8
Fighting       | 4 |  4.2
Short Blades   | 1 |  1.2
Long Blades    | 1 |  1.2
Maces & Flails | 1 |  1.3
Polearms       | 1 |  1.5
Staves         | 1 |  1.3
Slings         | 1 |  1.2
Bows           | 2 |  2.4
Crossbows      | 1 |  1.3
Throwing       | 1 |  1.2
Armour         | 3 |  3.2
Stealth        | 1 |  1.7
Shields        | 1 |  1.5
Unarmed Combat | 1 |  1.3
Spellcasting   | 1 |  1.2
Conjurations   | 1 |  1.5
Hexes          | 1 |  1.2
Summonings     | 1 |  1.2
Necromancy     | 1 |  1.1
Translocations | 1 |  1.2
Transmutations | 1 |  1.1
Fire Magic     | 1 |  1.3
Ice Magic      | 2 |  2.0
Air Magic      | 1 |  1.4
Earth Magic    | 1 |  1.7
Poison Magic   | 2 |  2.2
Invocations    | 3 |  3.2
Evocations     | 1 |  1.2

Action                   |  1- 3 |  4- 6 || total
-------------------------+-------+-------++-------
Melee: Hand axe          |    94 |    30 ||   124
       Punch             |     1 |       ||     1
       Short sword       |       |    21 ||    21
Invok: Depart the Abyss  |     1 |       ||     1
  Use: Scroll            |     3 |     2 ||     5
       Potion            |     1 |       ||     1
Armor: Leather armour    |     5 |       ||     5
       Ring mail         |    39 |    18 ||    57
Dodge: Dodged            |    76 |    10 ||    86
Block: Kite shield       |       |    16 ||    16

Table legend: (Time is in decaauts)
 A = Elapsed time spent in this place.
 B = Non-inter-level travel time spent in this place.
 C = Inter-level travel time spent in this place.
 D = Time resting spent in this place.
 E = Time spent auto-exploring this place.
 F = Levels seen in this place.
 G = Mean time per level.
                   A        B        C        D        E       F      G
               +--------+--------+--------+--------+--------+-----+--------+
         Total |   2141 |   2114 |     27 |     48 |   1614 |   3 |  713.7 |
       Dungeon |   2067 |   2040 |     27 |     48 |   1544 |   2 | 1033.5 |
         Abyss |     74 |     74 |      0 |      0 |     70 |   1 |   74.0 |
               +--------+--------+--------+--------+--------+-----+--------+

Top non-repeatable levels by time:
     D:1: 1412 daAuts
     D:2: 655 daAuts
 Abyss:1: 74 daAuts
